 Dungeon Crawl Stone Soup version 5.6-9-g014c5a2 (webtiles) character file.

8 abdallah the Martial Artist (level 9, -4/55 HPs) *CASUAL*
             Began as an Octopode Transmuter on July 7, 2018.
             Was a Follower of Cheibriados.
             Slain by a bullfrog (5 damage)
             ... on level 6 of the Dungeon.
             The game lasted 00:12:02 (4600 turns).

abdallah the Martial Artist (Octopode Transmuter)   Turns: 4600, Time: 00:12:04

Health: -4/55      AC:  1 (0%)Str: 13   XL:     9   Next: 36%
Magic:  15/15      EV: 16    Int: 21    God:    Cheibriados [1*[40]]
Gold:   350        SH:  0    Dex: 10    Spells: 17/18 levels left

rFire    . . .     SeeInvis .     - Unarmed
rCold    . . .     Faith    .   (no shield)
rNeg     . . .     Spirit   .   (helmet restricted)
rPois    +         Reflect  .   (no amulet)
rElec    .                      m - ring of poison resistance
rCorr    .                      (no ring)
MR       .....                  (no ring)
Stlth    ++++......             (no ring)
Regen    0.2/turn               (no ring)
MPRegen  0.3/turn               (no ring)
                                (no ring)
                                (no ring)

@: appendage, very slow
A: almost no armour, stealthy swim, amphibious, 8 rings, constrict 8, tentacle
spike, camouflage, clumsy, frail 1, gelatinous body 1
a: End Transformation, Bend Time, Renounce Religion


You were on level 6 of the Dungeon.
You worshipped Cheibriados.
Cheibriados was aware of your devotion.
You were not hungry.
One of your tentacles had a temporary spike.
You visited 1 branch of the dungeon, and saw 6 of its levels.

You collected 350 gold pieces.

Inventory:

Missiles
 d - 105 tomahawks (quivered)
 j - 81 javelins
 k - 178 poisoned darts
Jewellery
 m - a ring of poison resistance (left tentacle)
Wands
 i - a wand of enslavement (9)
 n - a wand of polymorph (7)
Scrolls
 c - 2 scrolls of enchant armour
 f - 2 scrolls of teleportation
 h - a scroll of fear
 l - a scroll of blinking
 q - a scroll of fog
Potions
 a - 2 potions of augmentation
 b - a potion of heal wounds
 e - 2 potions of mutation
 g - a potion of lignification
 o - a potion of resistance
 p - a potion of cancellation


   Skills:
 + Level 6.2 Fighting
 + Level 6.4 Dodging
 + Level 9.0 Unarmed Combat
 - Level 3.0 Transmutations


You had 17 spell levels left.
You knew the following spells:

 Your Spells              Type           Power        Failure   Level  Hunger
a - Beastly Appendage     Tmut           12 (50)      5%          1    N/A

Your spell library contained the following spells:

 Spells                   Type           Power        Failure   Level  Hunger
 Spider Form              Tmut           12 (200)     16%         3    N/A
 Blade Hands              Tmut           12 (200)     82%         5    N/A
 Ice Form                 Ice/Tmut       6 (100)      67%         4    N/A
 Passwall                 Tmut/Erth      6 (200)      14%         2    N/A

Dungeon Overview and Level Annotations

Branches:
Dungeon (6/15)

Altars:
Cheibriados
Dithmenos
Elyvilon
Jiyva
Kikubaaqudgha
Makhleb
Nemelex Xobeh
Okawaru
Qazlal
Ru
Trog
Wu Jian
Xom
The Shining One


Innate Abilities, Weirdness & Mutations

You cannot wear most types of armour.
You are very stealthy in the water.
You are amphibious.
You can wear up to eight rings at the same time.
You can use your tentacles to constrict eight enemies at once.
Your skin blends seamlessly with your surroundings (Stealth+++).
Your rubbery body absorbs attacks. (AC +1, EV +1)
You are clumsy. (Dex -5)
You are frail. (-10% HP)


Message History

You barely miss the wyvern. Your squeeze misses the wyvern.
The wyvern is heavily wounded.
The wyvern bites you (7)! The bullfrog misses you.
You tentacle-slap the wyvern (2). Your squeeze misses the wyvern.
The wyvern is heavily wounded.
The wyvern barely misses you. The bullfrog barely misses you.
The wyvern barely misses you.
You tentacle-slap the wyvern (3).
Your tentacle spike misses the wyvern.
Your squeeze misses the wyvern.
The wyvern is severely wounded.
The bullfrog closely misses you. The wyvern barely misses you.
The bullfrog hits you (9)!
You are too injured to fight recklessly!
You bludgeon the bullfrog (8)! You grab the bullfrog (0).
You squeeze the bullfrog (2).
The bullfrog is heavily wounded.
You constrict the bullfrog (2). The wyvern bites you (19)!!
* * * LOW HITPOINT WARNING * * *
The bullfrog hits you (5).
You die...

#### .... #...#
#...# #.
####+##...######...
...................
###...$......l...#
#....[...$..@F...#
#.##......?......#
.................+
#..............#
#..............#
#..............#
#..............#
#.#'############ #
#.#


You could see a wyvern and a bullfrog.

Vanquished Creatures
  Grinder (D:4)
  Duvessa (D:4)
  An ogre (D:5)
  Dowan (D:4)
  3 scorpions
  2 vampire bats (D:3)
  A howler monkey (D:4)
  A jelly (D:5)
  A centaur skeleton (D:5)
  2 orc priests (D:5)
  2 worker ants
  8 adders
  A shadow imp (D:5)
  2 oozes
  7 dart slugs
  9 orcs
  5 quokkas
  3 ball pythons
  2 bat skeletons (D:3)
  5 bat zombies (D:3)
  5 giant cockroaches
  7 goblins
  8 hobgoblins
  11 jackals
  6 bats
  6 frilled lizards
  3 kobolds
  9 rats
113 creatures vanquished.

Vanquished Creatures (others)
  A worker ant (D:6)
1 creature vanquished.

Grand Total: 114 creatures vanquished

Notes
Turn   | Place    | Note
-------+----------+-------------------------------------------
     0 | D:1      | abdallah the Octopode Transmuter began the quest for the Orb.
     0 | D:1      | Reached XP level 1. HP: 13/13 MP: 2/2
    52 | D:1      | Reached XP level 2. HP: 18/18 MP: 3/3
   163 | D:1      | Reached skill level 4 in Unarmed Combat
   193 | D:1      | Reached XP level 3. HP: 21/23 MP: 4/4
   330 | D:1      | Reached XP level 4. HP: 28/28 MP: 6/6
   683 | D:1      | Reached skill level 5 in Unarmed Combat
   863 | D:1      | Gained mutation: You are clumsy. (Dex -5) [mutagenic hatch]
   917 | D:2      | Found a shimmering altar of Xom.
   958 | D:2      | Reached XP level 5. HP: 29/33 MP: 7/7
   997 | D:2      | Reached skill level 6 in Unarmed Combat
  1504 | D:2      | Reached XP level 6. HP: 33/38 MP: 9/9
  1505 | D:2      | Found a stormy altar of Qazlal.
  1518 | D:2      | Found a sacrificial altar of Ru.
  1601 | D:2      | Found a sparkling altar of Nemelex Xobeh.
  1601 | D:2      | Found a white marble altar of Elyvilon.
  1881 | D:3      | Found a bloodstained altar of Trog.
  2261 | D:3      | Reached skill level 7 in Unarmed Combat
  2261 | D:3      | Reached XP level 7. HP: 17/45 MP: 11/11
  2601 | D:3      | Found a glowing golden altar of the Shining One.
  2684 | D:3      | Found an ancient bone altar of Kikubaaqudgha.
  2855 | D:4      | Found a snail-covered altar of Cheibriados.
  2860 | D:4      | Became a worshipper of Cheibriados the Contemplative
  2908 | D:4      | Noticed Dowan
  2958 | D:4      | Found a burning altar of Makhleb.
  3058 | D:4      | Found a viscous altar of Jiyva.
  3075 | D:4      | Noticed Grinder
  3079 | D:4      | Paralysed by Grinder for 5 turns
  3089 | D:4      | Killed Grinder
  3089 | D:4      | Reached skill level 8 in Unarmed Combat
  3089 | D:4      | Reached XP level 8. HP: 13/54 MP: 13/13
  3448 | D:4      | Reached skill level 5 in Dodging
  3463 | D:4      | Found an ornate altar of the Wu Jian Council.
  3534 | D:4      | Noticed Duvessa
  3541 | D:4      | Killed Duvessa
  3541 | D:4      | Reached skill level 5 in Fighting
  3574 | D:4      | Killed Dowan
  3626 | D:4      | Gained mutation: You are frail. (-10% HP) [mutagenic hatch]
  3626 | D:5      | Entered Level 5 of the Dungeon
  3629 | D:5      | Found an iron altar of Okawaru.
  3886 | D:5      | Found a shadowy altar of Dithmenos.
  3889 | D:5      | Reached XP level 9. HP: 54/54 MP: 15/15
  3955 | D:5      | Reached * piety under Cheibriados
  4449 | D:5      | Reached skill level 9 in Unarmed Combat
  4600 | D:6      | HP: 1/55 [wyvern (19)]
  4600 | D:6      | Slain by a bullfrog

Skill      XL: |  1  2  3  4  5  6  7  8  9 |
---------------+----------------------------+-----
Unarmed Combat | 4 5 6 7 8 9 |  9.0
Fighting       | 2 4 5 6 |  6.2
Dodging        | 3 4 5 6 |  6.4
Transmutations | |  3.0

Action                   |  1- 3 |  4- 6 |  7- 9 || total
-------------------------+-------+-------+-------++-------
Melee: Unarmed           |    26 |   115 |   114 ||   255
       Constrict         |     8 |    28 |    21 ||    57
       Kick              |     4 |    17 |    24 ||    45
       Tentacles         |     2 |    13 |    10 ||    25
       Punch             |     1 |     2 |     6 ||     9
Throw: Tomahawk          |       |       |     1 ||     1
 Cast: Beastly Appendage |     1 |       |       ||     1
 Stab: Sleeping          |    13 |    13 |    15 ||    41
       Distracted        |       |       |     1 ||     1
Armor: Skin              |       |     9 |    10 ||    19
Dodge: Dodged            |     6 |    46 |    78 ||   130
